 Dungeon Crawl Stone Soup version 0.26-a0-658-gbdda728c12 (webtiles) character file.

Game seed: 5800060598161955910

299375 Peloso the Hoplite (level 20, -2/188 HPs)
             Began as a Minotaur Fighter on Oct 4, 2020.
             Was the Champion of Okawaru.
             Killed from afar by Margery (50 damage)
             ... with a bolt of fire
             ... on level 2 of the Vaults on Oct 5, 2020.
             The game lasted 02:32:53 (47458 turns).

Peloso the Hoplite (Minotaur Fighter)              Turns: 47458, Time: 02:32:53

Health: -2/188     AC: 43    Str: 29    XL:     20   Next: 14%
Magic:  29/30      EV: 15    Int:  4    God:    Okawaru [******]
Gold:   2590       SH: 28    Dex: 23    Spells: 19/19 levels left

rFire    . . .     SeeInvis +   a - +7 double sword (venom)
rCold    + . .     Faith    +   c - +0 tower shield of Osintig {+Blink rElec Dex+2}
rNeg     + + .     Spirit   .   W - +8 plate armour "Zos Vibo" {Rampage rPois Int+2}
rPois    +         Reflect  .   i - +0 mask of the Dragon {MR+ Slay+3 SInv}
rElec    +         Harm     .   N - +1 cloak
rCorr    .         Rampage  +   t - +2 pair of gloves of Wrong Decisions {+Blink rPois rN++ Stlth-}
MR       +++..                  O - +2 pair of boots {run}
Stlth    ..........             w - amulet of faith
HPRegen  0.41/turn              u - ring of Houfehyi {rC+ MR+ MP+9 Str+3}
MPRegen  0.22/turn              A - ring "Xiffi" {*Drain rElec AC+4 Int-3 Dex+7}

@: mighty, heroism, hasted, very quick
A: retaliatory headbutt, horns 2
}: 2/15 runes: serpentine, barnacled
a: Heroism, Finesse, Renounce Religion, Evoke Blink


You were on level 2 of the Vaults.
You worshipped Okawaru.
Okawaru was exalted by your worship.
You visited 8 branches of the dungeon, and saw 37 of its levels.
You also visited: Bailey, Ice Cave and Desolation.

You collected 4032 gold pieces.
You spent 1442 gold pieces at shops.

Inventory:

Hand Weapons
 a - a +7 double sword of venom (weapon)
 b - a +5 long sword of flaming
Armour
 c - the +0 tower shield of Osintig (worn) {+Blink rElec Dex+2}
   (Okawaru gifted it to you on level 1 of the Orcish Mines)

   It affects your dexterity (+2).
   It insulates you from electricity.
   It lets you blink.
 i - the +0 mask of the Dragon (worn) {MR+ Slay+3 SInv}
   (You bought it in a shop on level 2 of the Orcish Mines)

   It affects your accuracy and damage with ranged weapons and melee attacks
   (+3).
   It affects your resistance to hostile enchantments.
   It lets you see invisible.
 t - the +2 pair of gloves of Wrong Decisions (worn) {+Blink rPois rN++ Stlth-}
   (Okawaru gifted it to you on level 14 of the Dungeon)

   It protects you from poison.
   It greatly protects you from negative energy.
   It lets you blink.
   It makes you less stealthy.
 M - a +0 pair of boots of flying
 N - a +1 cloak (worn)
 O - a +2 pair of boots of running (worn)
 W - the +8 plate armour "Zos Vibo" (worn) {Rampage rPois Int+2}
   (You found it on level 3 of the Snake Pit)

   It affects your intelligence (+2).
   It protects you from poison.
   It bestows one free step when moving towards enemies.
Jewellery
 p - the ring of the Foremost Planets {rCorr Str+4 Stlth+}
   (You took it off a merfolk on level 4 of the Shoals)

   [ring of resist corrosion]

   It affects your strength (+4).
   It provides partial protection from all sources of acid and corrosion.
   It makes you more stealthy.
 q - the ring "Sulaed" {rElec rF+ rN+ Str+2}
   (You found it in the Desolation of Salt)

   [ring of protection from fire]

   It affects your strength (+2).
   It protects you from fire.
   It insulates you from electricity.
   It protects you from negative energy.
 u - the ring of Houfehyi (left hand) {rC+ MR+ MP+9 Str+3}
   (You found it in the Desolation of Salt)

   [ring of protection from cold]

   It affects your strength (+3).
   It protects you from cold.
   It affects your resistance to hostile enchantments.
   It affects your magic capacity (+9).
 w - an amulet of faith (around neck)
 A - the ring "Xiffi" (right hand) {*Drain rElec AC+4 Int-3 Dex+7}
   (You found it in the Desolation of Salt)

   [ring of protection]

   It affects your AC (+4).
   It affects your intelligence (-3).
   It affects your dexterity (+7).
   It insulates you from electricity.
   It causes draining when unequipped.
Wands
 P - a wand of digging (6)
Scrolls
 e - 11 scrolls of immolation
 f - 20 scrolls of remove curse
 j - a scroll of enchant armour
 k - 13 scrolls of teleportation
 o - 7 scrolls of magic mapping
 s - 3 scrolls of noise
 y - 3 scrolls of identify
 E - a scroll of blinking
 L - 3 scrolls of fear
Potions
 d - 2 potions of might
 l - 3 potions of haste
 m - 6 potions of curing
 B - 7 potions of stabbing
 H - a potion of cancellation
 I - a potion of resistance
 R - a potion of mutation


   Skills:
 + Level 18.3(23.3) Fighting
 + Level 19.7(24.7) Long Blades
   Level 2.9(7.9) Crossbows
 + Level 17.5(22.5) Armour
 + Level 3.4(8.4) Dodging
 + Level 2.3(7.3) Stealth
 + Level 25.3(27) Shields
 + Level 2.7 Invocations
 + Level 3.4 Evocations


You had 19 spell levels left.
You didn't know any spells.
Your spell library contained the following spells:

 Spells                   Type           Power        Failure   Level
 Animate Skeleton         Necr           #.....       91%         1
 Corona                   Hex            #......      91%         1
 Foxfire                  Conj/Fire      #...         91%         1
 Freeze                   Ice            #...         91%         1
 Magic Dart               Conj           #...         91%         1
 Pain                     Necr           #...         91%         1
 Sandblast                Erth           #.....       91%         1
 Shock                    Conj/Air       #...         91%         1
 Ensorcelled Hibernation  Hex/Ice        #.....       97%         2
 Passwall                 Tmut/Erth      #.......     97%         2
 Searing Ray              Conj           #.....       97%         2
 Slow                     Hex            #.......     97%         2
 Swiftness                Air            #.......     97%         2
 Confusing Touch          Hex            #.......     99%         3
 Conjure Flame            Conj/Fire      #.......     99%         3
 Dazzling Flash           Conj/Hex       #.....       99%         3
 Frozen Ramparts          Ice            #.....       99%         3
 Inner Flame              Hex/Fire       #.......     99%         3
 Lesser Beckoning         Tloc           #.........   99%         3
 Ozocubu's Armour         Ice            #.......     99%         3
 Portal Projectile        Hex/Tloc       #.....       99%         3
 Static Discharge         Conj/Air       #.......     99%         3
 Stone Arrow              Conj/Erth      #.....       99%         3
 Teleport Other           Tloc           #.......     99%         3
 Tukima's Dance           Hex            #.......     99%         3
 Vampiric Draining        Necr           #.........   99%         3
 Airstrike                Air            #.........   100%        4
 Animate Dead             Necr           #.........   100%        4
 Cause Fear               Hex            #.........   100%        4
 Dispel Undead            Necr           #.......     100%        4
 Fulminant Prism          Conj/Hex       #.........   100%        4
 Hailstorm                Conj/Ice       #.......     100%        4
 Iskenderun's Mystic Bla  Conj/Tloc      #.......     100%        4
 Leda's Liquefaction      Hex/Erth       #.........   100%        4
 Passage of Golubria      Tloc           N/A          100%        4
 Petrify                  Tmut/Erth      #.......     100%        4
 Sticky Flame             Conj/Fire      #.......     100%        4
 Summon Ice Beast         Ice/Summ       #.......     100%        4
 Agony                    Necr           #.......     100%        5
 Alistair's Intoxication  Tmut/Pois      #........    100%        5
 Bolt of Magma            Conj/Fire/Erth #.........   100%        5
 Borgnjor's Vile Clutch   Necr/Erth      #.........   100%        5
 Fireball                 Conj/Fire      #.........   100%        5
 Irradiate                Conj/Tmut      #.........   100%        5
 Lee's Rapid Deconstruct  Erth           #.........   100%        5
 Lightning Bolt           Conj/Air       #.........   100%        5
 Silence                  Hex/Air        #.........   100%        5
 Yara's Violent Unravell  Hex/Tmut       #.........   100%        5
 Conjure Ball Lightning   Conj/Air       #.........   100%        6
 Death Channel            Necr           #.........   100%        6
 Dispersal                Tloc           #.........   100%        6
 Freezing Cloud           Conj/Ice/Air   #.........   100%        6
 Simulacrum               Ice/Necr       #.........   100%        6
 Discord                  Hex            #.........   100%        8


Dungeon Overview and Level Annotations

Branches:
Dungeon (15/15)            Temple (1/1) D:5            Lair (6/6) D:11
 Shoals (4/4) Lair:4        Snake (4/4) Lair:4        Slime (0/5) Lair:6
    Orc (2/2) D:9             Elf (3/3) Orc:2        Vaults (2/5) D:14
  Crypt (0/3) Vaults:2     Depths (0/5) D:15         Bailey (visited)
  IceCv (visited)         Desolation (visited)

Altars:
Ashenzari
Cheibriados
Dithmenos
Elyvilon
Fedhas
Gozag
Hepliaklqana
Kikubaaqudgha
Makhleb
Nemelex Xobeh
Okawaru
Qazlal
Ru
Sif Muna
Trog
Uskayaw
Vehumet
Wu Jian
Xom
Yredelemnul
Zin
The Shining One

Shops:
D:7 (   D:11 (   Orc:2 [*(:   Elf:3 :   Shoals:3 !   Shoals:4 !*(*[

Portals:
Abyss: D:11
Trove: D:14 (show abyssal rune of Zot)

Annotations:
Elf:2 2 runed translucent doors
Vaults:2 Margery


Innate Abilities, Weirdness & Mutations

You reflexively headbutt those who attack you in melee.
You have a pair of horns on your head.


Message History

The necromancer flickers and vanishes for a moment.
You slash Margery!
Margery is poisoned.
You headbutt Margery!
Margery is moderately wounded.
Unknown command.
You slice Margery!!
Margery looks as sick as possible!
You headbutt Margery.
Margery is heavily wounded.
You block Margery's attack.
Unknown command.
You slice Margery!!
Margery looks as sick as possible!
You headbutt Margery!
Margery is severely wounded.
A hell knight comes into view.
It is wielding a +0 scimitar of draining.
The brown ugly thing barely misses you.
You riposte.
You slice the brown ugly thing!!
The brown ugly thing is severely wounded.
You block the red ugly thing's attack.
You barely miss Margery.
Margery is severely wounded.
Margery gestures at you while chanting. The bolt of fire hits you!!!
You die...

**** *,,,,,,,,,**,,,,,**,,,
,,,********************,,,,,*****
,,,*,,,,,.############*,,,,,* **
,,,*,,,,,pp..........#*,,,,,* **,
,,,*,,,,,,#..........#*,,,,,***,,
,,,*,,,,,,#.pp.......#*,,,,,**,,,
,,,*,,,,,,#....p.....#*,,,,,**,,,
,,,*,,,,,,#.....pu...#*,....#,,,,
,,,*,*****#.....@@...#*.....#,,,*
^,,*,* #......uu).#*.....#,>,*
,,,,,* #......)u(.#*.....+,,,*
###################)###.....#,,,,
..................(.........#*,,,
............................#*,,,
...................))(......#**,,
....?...............))......# **,
...................))(......# **


You could see Margery (extremely poisoned), 4 ugly things, 3 hell knights and 3
necromancers.

Vanquished Creatures
  Vashnia (Snake:3)
  Jorgrun (D:12)
  Rupert (Snake:1)
  A kraken (Shoals:4)
  Kirke (Shoals:4)
  7 nagarajas (Snake:4)
  Aizul (Snake:2)
  An orc warlord (Orc:2)
  4 imperial myrmidons (Desolation)
  A reaper (IceCv)
  A very ugly thing (D:11)
  2 deep elf demonologists (Elf:2)
  Azrael (D:12)
  A dire elephant (Lair:6)
  A halazid warlock (Desolation)
  The ghost of qipq the Tainter, a journeyman NaVM of Gozag (D:11)
  A deep elf annihilator (Elf:1)
  3 merfolk javelineers
  2 deep elf death magi (Elf:2)
  An ettin (Vaults:2)
  Snorg (Lair:5)
  A fire dragon (D:15)
  6 merfolk impalers
  8 ragged hierophants (Desolation)
  2 crystal guardians (Desolation)
  A vault guard (D:14)
  4 yaktaur captains
  5 hydras
  A deep elf high priest (Elf:2)
  9 servants of whispers (Desolation)
  2 ice dragons
  8 merfolk avatars
  7 peacekeepers (Desolation)
  A death knight (D:13)
  13 anacondas
  2 alligator snapping turtles
  18 naga warriors
  13 dancing weapons
  4 satyrs
  12 death yaks
  4 merfolk aquamancers
  5 centaur warriors
  8 two-headed ogres
  An ogre mage (Orc:2)
  4 orc high priests
  A shock serpent (shapeshifter) (Vaults:1)
  3 tengu warriors
  Urug (D:14)
  Nergalle (D:12)
  18 naga sharpshooters
  5 shock serpents
  5 deep elf knights
  A skeletal warrior (D:13)
  4 salamander mystics
  The ghost of triki the Vexing, a novice GnAM of Sif Muna (D:6)
  3 unseen horrors
  20 sea snakes
  A kraken simulacrum (Shoals:4)
  A deep troll (Vaults:1)
  10 deep elf archers
  A glowing orange brain (Vaults:1)
  A phantasmal warrior (D:12)
  10 ironbrand convokers
  A harpy (Lair:6)
  7 orc knights
  46 deep elf magi
  2 mana vipers (Snake:4)
  20 ugly things
  5 orc sorcerers
  14 manticores
  16 salamanders
  An oklob plant (Snake:4)
  A wolf spider (Vaults:2)
  7 cyclopes
  12 guardian serpents
  6 fauns
  7 merfolk sirens
  18 naga magi
  A toenail golem (D:11)
  5 elephants
  2 ice statues (IceCv)
  5 water nymphs
  A vault sentinel (Vaults:1)
  25 black mambas
  Psyche (D:10)
  19 cane toads
  A black mamba (shapeshifter) (D:13)
  3 gargoyles
  A guardian serpent (shapeshifter) (D:14)
  A rust devil (D:11)
  Maurice (D:13)
  A rime drake (shapeshifter) (Vaults:1)
  18 rime drakes
  11 ice devils (IceCv)
  15 yaktaurs
  2 freezing wraiths (D:12)
  3 demonic crawlers (D:15)
  10 komodo dragons
  2 tengu conjurers (D:13)
  3 ghosts
  7 trolls
  6 polar bears
  27 merfolk
  4 hornets
  9 wind drakes
  71 saltlings (Desolation)
  10 slime creatures (Vaults:1)
  9 snapping turtles
  4 blink frogs (Lair:2)
  4 removed hippogriffs
  5 dream sheep
  4 shadows
  An air elemental (Elf:1)
  13 water elementals
  A hog (Shoals:4)
  5 wyverns
  22 yaks
  A vampire (D:13)
  3 wraiths
  16 humans
  6 fire elementals
  7 basilisks
  4 vampire mosquitoes (D:15)
  9 steam dragons (Lair:2)
  6 wargs
  59 nagas
  7 soldier ants
  2 acid dragons
  24 water moccasins
  2 hell hounds (D:12)
  4 removed porcupines
  3 eyes of draining
  5 sky beasts
  4 ice beasts
  6 black bears
  34 orc warriors
  16 ogres
  A necrophage (D:13)
  A phantom (D:11)
  A hornet zombie (D:9)
  12 centaurs
  6 wolves (Lair:4)
  9 removed crocodiles
  3 big kobolds
  2 earth elementals
  20 bullfrogs
  2 gnoll sergeants
  2 scorpions (D:11)
  A wyvern skeleton (D:11)
  A small abomination (D:11)
  15 killer bees
  10 wights
  4 electric eels
  A howler monkey (D:4)
  A bullfrog zombie (D:6)
  6 jellies
  2 quasits
  7 hounds
  17 orc wizards
  17 orc priests
  A bullfrog skeleton (D:10)
  3 centaur skeletons
  4 iguanas
  Jessica (D:2)
  5 hell rats (Lair:5)
  16 worker ants
  A hound skeleton (D:7)
  Robin (D:4)
  17 gnolls
  22 adders
  6 white imps
  8 ufetubi
  7 oozes
  An adder skeleton (D:4)
  2 worms
  A dart slug (D:3)
  7 leopard geckos
  69 orcs
  3 bats
  A giant cockroach (D:5)
  11 goblins
  11 hobgoblins
  5 jackals
  32 kobolds
  4 quokkas
  A giant cockroach zombie (D:5)
  A jackal zombie (D:5)
  A leopard gecko skeleton (D:6)
  A quokka skeleton (D:4)
  A quokka zombie (D:5)
  2 rats
  A butterfly (Lair:1)
  A tentacle (Shoals:4)
1363 creatures vanquished.

Vanquished Creatures (others)
  2 rime drakes (Lair:2)
  2 humans (Shoals:4)
  A naga (Snake:4)
  3 white imps (IceCv)
  4 ufetubi (IceCv)
  87 fungi
  135 plants
  6 tentacles (Shoals:4)
240 creatures vanquished.

Grand Total: 1603 creatures vanquished

Notes
Turn   | Place    | Note
-------+----------+-------------------------------------------
     0 | D:1      | Peloso the Minotaur Fighter began the quest for the Orb.
     0 | D:1      | Reached XP level 1. HP: 19/19 MP: 0/0
    13 | D:1      | You fall into a shaft and drop 1 floor!
   116 | D:2      | Reached XP level 2. HP: 27/27 MP: 1/1
   180 | D:2      | Reached skill level 4 in Shields
   456 | D:2      | Reached XP level 3. HP: 30/33 MP: 2/2
   490 | D:2      | Noticed Jessica
   493 | D:2      | Killed Jessica
   493 | D:2      | Reached XP level 4. HP: 25/40 MP: 3/3
   755 | D:2      | Found a glowing golden altar of the Shining One.
  1418 | D:3      | Reached skill level 5 in Armour
  1683 | D:3      | Reached XP level 5. HP: 29/47 MP: 4/4
  2109 | D:3      | Found a stormy altar of Qazlal.
  2265 | D:3      | Found a white marble altar of Elyvilon.
  2277 | D:3      | Found a burning altar of Makhleb.
  2568 | D:4      | Noticed an ogre
  2575 | D:4      | Killed an ogre
  2575 | D:4      | Reached XP level 6. HP: 36/53 MP: 5/5
  2581 | D:4      | Reached skill level 5 in Shields
  2959 | D:4      | Reached skill level 5 in Fighting
  2959 | D:4      | Reached skill level 5 in Long Blades
  2959 | D:4      | Reached skill level 1 in Dodging
  2959 | D:4      | Reached XP level 7. HP: 54/61 MP: 6/6
  3279 | D:4      | Noticed Robin
  3288 | D:4      | Killed Robin
  3510 | D:5      | Entered Level 5 of the Dungeon
  3789 | D:5      | Reached skill level 6 in Shields
  3971 | D:5      | Found a staircase to the Ecumenical Temple.
  4002 | D:5      | Found a runed translucent door.
  4009 | D:5      | Found a runed translucent gate.
  4011 | D:5      | Found a runed translucent gate.
  4011 | D:5      | Found a runed translucent gate.
  4014 | D:5      | Found a runed translucent door.
  4036 | D:5      | Found the +9 staff of Olgreb {rPois∞}
  4260 | D:5      | Reached XP level 8. HP: 69/69 MP: 7/7
  4266 | D:5      | Found a snail-covered altar of Cheibriados.
  4272 | D:5      | Found a sacrificial altar of Ru.
  4351 | Temple   | Entered the Ecumenical Temple
  4663 | D:6      | Found a runed translucent door.
  5367 | D:6      | Noticed triki's ghost (novice GnAM)
  5575 | D:7      | Reached skill level 7 in Shields
  5746 | D:7      | Got a polished mace
  5747 | D:7      | Identified the +2 mace of Evil {freeze, *Corrode MP+9 Str+2
                  | SInv} (You found it on level 7 of the Dungeon)
  5772 | D:7      | Found Puuxiupe's Antique Weapon Emporium.
  5875 | D:7      | Got a pair of scorched gloves
  5886 | D:7      | Identified the +4 pair of gloves of Xah Rebu {*Drain +Inv
                  | rC+ Regen+} (You found it on level 7 of the Dungeon)
  6060 | D:7      | Reached XP level 9. HP: 77/77 MP: 8/8
  6069 | D:7      | Bought a glowing falchion for 180 gold pieces
  6250 | D:8      | Found a shimmering altar of Xom.
  6345 | D:8      | Noticed a two-headed ogre
  6356 | D:8      | Killed a two-headed ogre
  6356 | D:8      | Reached skill level 8 in Shields
  6471 | D:8      | Reached skill level 1 in Stealth
  6618 | D:8      | Noticed an angel
  6622 | D:8      | Found a glowing silver altar of Zin.
  6635 | D:8      | Noticed a troll
  6645 | D:8      | Killed a troll
  6645 | D:8      | Reached skill level 10 in Long Blades
  6645 | D:8      | Reached skill level 9 in Shields
  7090 | D:9      | Found an iron altar of Okawaru.
  7098 | D:9      | Became a worshipper of Warmaster Okawaru
  7117 | D:9      | Found a flagged portal.
  7127 | Bailey   | Entered a bailey
  7133 | Bailey   | Noticed an orc knight
  7133 | Bailey   | Noticed an orc knight
  7155 | Bailey   | Noticed an orc knight
  7200 | Bailey   | Reached XP level 10. HP: 86/86 MP: 9/9
  7224 | Bailey   | Killed an orc knight
  7224 | Bailey   | Reached skill level 1 in Crossbows
  7224 | Bailey   | Reached skill level 10 in Shields
  7224 | Bailey   | Reached skill level 1 in Evocations
  7315 | Bailey   | Killed an orc knight
  7372 | Bailey   | Found the +15 Maxwell's patent armour {-Cast -Tele rElec
                  | MR+ rCorr}
  7477 | Bailey   | Killed an orc knight
  7477 | Bailey   | Reached * piety under Okawaru
  7657 | D:9      | Found a staircase to the Orcish Mines.
  8365 | D:10     | Entered Level 10 of the Dungeon
  8377 | D:10     | Reached ** piety under Okawaru
  8560 | D:10     | Noticed Psyche
  8569 | D:10     | Killed Psyche
  8569 | D:10     | Reached skill level 11 in Shields
  8728 | D:10     | Reached XP level 11. HP: 94/94 MP: 10/10
  9019 | D:11     | Reached *** piety under Okawaru
  9090 | D:11     | Found a transporter.
  9090 | D:11     | Found a transporter.
  9119 | D:11     | Noticed qipq's ghost (journeyman NaVM)
  9128 | D:11     | Found a one-way gate to the infinite horrors of the Abyss.
  9128 | D:11     | Noticed a purple very ugly thing
  9164 | D:11     | Noticed a green ugly thing
  9165 | D:11     | Identified the +4 trident of Isutiy {distort, +Blink rC+
                  | Dex-5}
  9236 | D:11     | Killed an unseen horror
  9269 | D:11     | Noticed a two-headed ogre
  9281 | D:11     | Killed a two-headed ogre
  9281 | D:11     | Reached **** piety under Okawaru
  9313 | D:11     | Reached skill level 10 in Armour
  9355 | D:11     | Found a staircase to the Lair.
  9681 | D:11     | Found Adap's Weapon Shoppe.
  9890 | D:11     | Reached skill level 12 in Shields
 10309 | D:5      | Reached ***** piety under Okawaru
 10451 | D:6      | Killed triki's ghost
 10722 | Lair:1   | Entered Level 1 of the Lair of Beasts
 10965 | Lair:1   | Reached XP level 12. HP: 105/105 MP: 11/11
 10996 | Lair:1   | Received a gift from Okawaru
 11042 | Lair:1   | Reached skill level 13 in Shields
 11265 | Lair:1   | Reached skill level 10 in Fighting
 11829 | Lair:2   | Reached ****** piety under Okawaru
 11976 | Lair:2   | Received a gift from Okawaru
 11979 | Lair:2   | Got a distressingly furry plate armour {god gift}
 11990 | Lair:2   | Identified the +0 plate armour of Okawaru's Castigation
                  | {+Blink} (Okawaru gifted it to you on level 2 of the Lair
                  | of Beasts)
 12047 | Lair:2   | Noticed a four-headed hydra
 12497 | D:12     | Noticed Azrael
 12524 | D:12     | Killed Azrael
 12524 | D:12     | Reached skill level 14 in Shields
 12832 | D:12     | Noticed Nergalle
 12849 | D:12     | Killed Nergalle
 12952 | D:12     | Noticed Jorgrun
 12979 | D:12     | Killed Jorgrun
 12979 | D:12     | Reached XP level 13. HP: 32/115 MP: 9/12
 14678 | Lair:3   | Reached skill level 1 in Invocations
 14754 | Lair:3   | Found a frozen archway.
 14762 | Lair:3   | Reached skill level 15 in Shields
 14783 | IceCv    | Entered an ice cave
 14830 | IceCv    | Received a gift from Okawaru
 14946 | IceCv    | Identified a +1 pair of boots of running (You found it in
                  | an ice cave)
 15202 | IceCv    | Noticed a reaper
 15213 | IceCv    | Killed a reaper
 15213 | IceCv    | Received a gift from Okawaru
 15239 | IceCv    | Got a jewelled short sword
 16080 | Lair:3   | Upgraded the game from 0.26-a0-652-gafc20e3620 to
                  | 0.26-a0-658-gbdda728c12
 16217 | Lair:4   | Found a staircase to the Shoals.
 16281 | Lair:4   | Reached skill level 16 in Shields
 16354 | Lair:4   | Found a staircase to the Snake Pit.
 16477 | Lair:4   | Reached XP level 14. HP: 127/127 MP: 14/14
 17074 | Lair:1   | Identified the +5 short sword "Zull" {vorpal, Fragile rPois
                  | rC+++ MR+} (You found it in an ice cave)
 17290 | Orc:1    | Entered Level 1 of the Orcish Mines
 17297 | Orc:1    | Found a radiant altar of Vehumet.
 17551 | Orc:2    | Entered Level 2 of the Orcish Mines
 17579 | Orc:2    | Reached skill level 15 in Long Blades
 17584 | Orc:2    | Received a gift from Okawaru
 17592 | Orc:2    | Found Timy's Antique Weapon Shoppe.
 17697 | Orc:2    | Noticed an orc warlord
 17725 | Orc:2    | Killed an orc warlord
 17952 | Orc:2    | Found Penlybri's General Store.
 18013 | Orc:2    | Received a gift from Okawaru
 18276 | Orc:2    | Found Aroy's Book Boutique.
 18314 | Orc:2    | Bought the +0 mask of the Dragon {MR+ Slay+3 SInv} for 434
                  | gold pieces
 18314 | Orc:2    | Found the +0 mask of the Dragon {MR+ Slay+3 SInv}
 18442 | Orc:2    | Found Hido's Antique Armour Emporium.
 18454 | Orc:2    | Paralysed by an orc sorcerer for 7 turns
 18953 | Orc:2    | Found a staircase to the Elven Halls.
 19006 | Orc:2    | Bought a scroll of identify for 26 gold pieces
 19006 | Orc:2    | Bought a scroll of immolation for 45 gold pieces
 19056 | Orc:2    | Reached skill level 17 in Shields
 19265 | Orc:1    | Received a gift from Okawaru
 19278 | Orc:1    | Got a pitted tower shield {god gift}
 19284 | Orc:1    | Identified the +0 tower shield of Osintig {+Blink rElec
                  | Dex+2} (Okawaru gifted it to you on level 1 of the Orcish
                  | Mines)
 19697 | D:13     | Noticed Maurice
 19704 | D:13     | Killed Maurice
 20151 | D:14     | Found a gate to the Vaults.
 20151 | D:14     | Noticed Urug
 20224 | D:14     | Killed Urug
 20224 | D:14     | Received a gift from Okawaru
 20224 | D:14     | Reached XP level 15. HP: 133/136 MP: 12/15
 20248 | D:14     | Got a pair of smoking gloves {god gift}
 20279 | D:14     | Identified the +2 pair of gloves of Wrong Decisions {+Blink
                  | rPois rN++ Stlth-} (Okawaru gifted it to you on level 14 of
                  | the Dungeon)
 20413 | D:14     | Reached skill level 18 in Shields
 21050 | D:14     | Found a portal to a secret trove of treasure.
 21074 | D:15     | Entered Level 15 of the Dungeon
 22178 | D:15     | Found a staircase to the Depths.
 22470 | D:11     | Killed qipq's ghost
 22611 | Lair:5   | Reached skill level 19 in Shields
 22699 | Lair:5   | Received a gift from Okawaru
 23096 | Lair:5   | Noticed Snorg
 23104 | Lair:5   | Killed Snorg
 23341 | Lair:6   | Entered Level 6 of the Lair of Beasts
 23808 | Lair:6   | Identified the Reference Book on Congealing Changing
 24385 | Lair:2   | Reached XP level 16. HP: 132/147 MP: 16/16
 24747 | Lair:6   | Received a gift from Okawaru
 24750 | Lair:6   | Got a jewelled crystal plate armour {god gift}
 24761 | Lair:6   | Identified the +0 crystal plate armour of Lifelessness
                  | {*Corrode rElec rN++ Stlth+} (Okawaru gifted it to you on
                  | level 6 of the Lair of Beasts)
 25224 | Lair:6   | Found a staircase to the Slime Pits.
 25705 | Shoals:1 | Entered Level 1 of the Shoals
 25812 | Shoals:1 | Reached skill level 15 in Armour
 25824 | Shoals:1 | Reached skill level 20 in Shields
 28039 | Snake:1  | Entered Level 1 of the Snake Pit
 28224 | Snake:1  | Noticed Rupert
 28231 | Snake:1  | Received a gift from Okawaru
 28231 | Snake:1  | Reached skill level 15 in Fighting
 28246 | Snake:1  | Killed Rupert
 29623 | Snake:2  | Received a gift from Okawaru
 29670 | Snake:2  | Noticed Aizul
 29688 | Snake:2  | Killed Aizul
 30052 | Snake:3  | Found the +18 shield of the Gong {rElec rN+ MR+ EV-5}
 30089 | Snake:3  | Reached skill level 21 in Shields
 30102 | Snake:3  | Got a scorched plate armour
 30139 | Snake:3  | Identified the +8 plate armour "Zos Vibo" {Rampage rPois
                  | Int+2} (You found it on level 3 of the Snake Pit)
 30201 | Snake:3  | Received a gift from Okawaru
 30390 | Snake:3  | Reached XP level 17. HP: 96/156 MP: 17/17
 30946 | Snake:3  | Noticed Vashnia
 31582 | Snake:3  | Received a gift from Okawaru
 31794 | Snake:3  | Killed Vashnia
 31804 | Snake:3  | Got an ichor-stained long sword {god gift}
 31808 | Snake:3  | Identified the +10 long sword of the Eternal Warrior
                  | {protect, rPois rF+ MR-} (Okawaru gifted it to you on level
                  | 3 of the Snake Pit)
 32663 | Shoals:3 | Found Ynnouzimp's Distillery.
 33896 | Shoals:4 | Entered Level 4 of the Shoals
 33912 | Shoals:4 | Received a gift from Okawaru
 33922 | Shoals:4 | Got a shimmering trident {god gift}
 33951 | Shoals:4 | Reached skill level 22 in Shields
 35107 | Shoals:4 | Received a gift from Okawaru
 35112 | Shoals:4 | Found Atecer's Armour Boutique.
 35131 | Shoals:4 | Got a barnacled rune of Zot
 35499 | Shoals:4 | Received a gift from Okawaru
 35558 | Shoals:4 | Noticed a kraken
 35569 | Shoals:4 | Killed a kraken
 35793 | Shoals:4 | Noticed Kirke
 35806 | Shoals:4 | Killed Kirke
 35878 | Shoals:4 | Found Jyamoerch's Assorted Antiques.
 35897 | Shoals:4 | Bought a scroll of identify for 44 gold pieces
 35897 | Shoals:4 | Bought a scroll of enchant armour for 165 gold pieces
 35897 | Shoals:4 | Bought a scroll of magic mapping for 77 gold pieces
 35897 | Shoals:4 | Bought a runed iron ring for 110 gold pieces
 35903 | Shoals:4 | Identified the +7 trident of Law {pain, rElec rF+ Int+7}
                  | (Okawaru gifted it to you on level 4 of the Shoals)
 35993 | Shoals:4 | Identified the ring of the Foremost Planets {rCorr Str+4
                  | Stlth+}
 36945 | Shoals:4 | Found Dihufoip's Assorted Antiques.
 36955 | Shoals:4 | Found Waheciru's Weapon Shop.
 37283 | Shoals:4 | Found Amilac's Distillery.
 37291 | Shoals:4 | Bought a potion of haste for 190 gold pieces
 37291 | Shoals:4 | Bought a potion of might for 76 gold pieces
 37291 | Shoals:4 | Bought a potion of heal wounds for 95 gold pieces
 37891 | Snake:4  | Entered Level 4 of the Snake Pit
 37907 | Snake:4  | Reached XP level 18. HP: 166/166 MP: 18/18
 37909 | Snake:4  | Received a gift from Okawaru
 38026 | Snake:4  | Found a hide-covered altar of Uskayaw.
 38127 | Snake:4  | Reached skill level 23 in Shields
 38476 | Snake:4  | Received a gift from Okawaru
 39359 | Snake:4  | Received a gift from Okawaru
 39759 | Snake:4  | Got a serpentine rune of Zot
 39967 | Snake:4  | Received a gift from Okawaru
 40276 | Vaults:1 | Entered Level 1 of the Vaults
 40376 | Vaults:1 | Received a gift from Okawaru
 40389 | Vaults:1 | Got a warped plate armour {god gift}
 40400 | Vaults:1 | Identified the +2 plate armour "Doyfyewaa" {Harm rC- Str+5
                  | SInv} (Okawaru gifted it to you on level 1 of the Vaults)
 41612 | Elf:1    | Entered Level 1 of the Elven Halls
 41747 | Elf:1    | You are sucked into a shaft and drop 1 floor!
 41782 | Elf:2    | Found a ruined gateway.
 41802 | Elf:2    | Reached XP level 19. HP: 138/177 MP: 19/19
 41808 | Desolati | Entered the Desolation of Salt
 42029 | Desolati | Reached skill level 24 in Shields
 42064 | Desolati | HP: 3/177 [halazid warlock/bolt of cold (59)]
 42096 | Desolati | Received a gift from Okawaru
 42676 | Desolati | Got a smoking platinum ring
 42678 | Desolati | Identified the ring "Sulaed" {rElec rF+ rN+ Str+2} (You
                  | found it in the Desolation of Salt)
 42774 | Desolati | Identified the Grimoire of Warped Clay
 42792 | Desolati | Identified the +1 robe of Ruosch {rN+ Int+3 Dex+6 Stlth+}
 42922 | Desolati | Got a vibrating golden ring
 42926 | Desolati | Got a scorched brass ring
 42928 | Desolati | Identified the ring of Houfehyi {rC+ MR+ MP+9 Str+3} (You
                  | found it in the Desolation of Salt)
 42930 | Desolati | Identified the ring "Faecy" {rPois AC+4 Int+2 Dex-5} (You
                  | found it in the Desolation of Salt)
 43012 | Desolati | Received a gift from Okawaru
 43015 | Desolati | Got a faintly glowing scale mail {god gift}
 43297 | Desolati | Got a faintly glowing wooden ring
 43299 | Desolati | Identified the ring "Xiffi" {*Drain rElec AC+4 Int-3 Dex+7}
                  | (You found it in the Desolation of Salt)
 43310 | Desolati | Identified the Handbook of Ghastly Dislocation
 44627 | Desolati | Identified the +5 scale mail "Caavecugi" {-Tele rElec Str+2
                  | Dex+6} (Okawaru gifted it to you in the Desolation of Salt)
 45273 | Elf:2    | Reached skill level 25 in Shields
 45276 | Elf:2    | Received a gift from Okawaru
 45282 | Elf:2    | Found a runed translucent door.
 45298 | Elf:2    | Found a runed translucent door.
 45594 | Elf:3    | Entered Level 3 of the Elven Halls
 45607 | Elf:3    | Found Nyubb's Book Shoppe.
 45973 | Elf:1    | Identified the Disquisition on Battle Magic
 45990 | Elf:1    | Received a gift from Okawaru
 45994 | Elf:1    | Reached XP level 20. HP: 61/188 MP: 21/21
 45996 | Elf:1    | Got a smoking dagger {god gift}
 47114 | Lair:1   | Identified the +11 dagger of Chance {freeze, rF+ rN+}
                  | (Okawaru gifted it to you on level 1 of the Elven Halls)
 47443 | Vaults:2 | Noticed Margery
 47458 | Vaults:2 | Killed from afar by Margery

Illustrated notes

Levels and vault maps discovered:
D:1:      dpeg_arrival_long_road, layout_rooms, chequers_serial_rivers_room_a
D:2:      layout_loops_ring, tso_oasis_becter, uniq_jessica
D:3:      layout_loops_ring, grunt_temple_overflow_open,
          minmay_misc_feat_four_crosses, grunt_decor_cap,
          nicolae_qazlal_general_emergency
D:4:      layout_basic, serial_curves, eino_curves_01, eino_curves_04,
          uniq_robin
D:5:      layout_loops_cross, amethyst_overflow_temple_binary,
          minmay_temple_entry_glassed_door,
          minmay_guarded_unrand_staff_of_olgreb
D:6:      minmay_skewed_foursquare, layout_loops_ring, ebering_ghost_sewer_d
D:7:      layout_cave_pools, kennysheep_windowed_goal
D:8:      layout_basic, grunt_temple_overflow_order_and_chaos_1
D:9:      layout_long_grid, okawaru_ov_weapons_minmay, david_orc_1_choice,
          enter_bailey_2
D:10:     layout_loops_ring, uniq_psyche
D:11:     layout_irregular_city, minmay_lair_entry_grove,
          gammafunk_ghost_abyssal_escape, serial_shops, shop
D:12:     layout_irregular_city, serial_bayou_pond_d, minmay_misc_feat_roman,
          hangedman_pestilent_swarm, uniq_azrael, uniq_jorgrun, uniq_nergalle
D:13:     layout_cave_pools, uniq_maurice
D:14:     layout_loops_ring, david_vaults_3, enter_trove_5, kennysheep_nub,
          dk_noncrumbling_3, grunt_ministairs_5
D:15:     grunt_enter_depths_hoard, layout_stronghold, serial_bayou,
          serial_bayou_shore_b, serial_bayou_shore_b, serial_bayou_lake_a,
          serial_bayou_pond_e, columned_hall_lemuel, einodemon_crawler_minivault
Temple:   dpeg_chambers_temple
Lair:1:   layout_hall_layers, lemuel_fruit_fields
Lair:2:   layout_regular_city, minmay_holes, bobbens_dragon_lair_wall,
          grunt_megastairs_2
Lair:3:   layout_loops_ring, portal_ice_cave_rime
Lair:4:   layout_hall_layers, minmay_shoals_entry_lonely_mermaid,
          minmay_snake_entry_guardpost_small
Lair:5:   layout_roguey, small_statue_intersection, uniq_snorg
Lair:6:   gammafunk_lair_ancient_temple, layout_small_grid,
          nicolae_slime_entry_slimehenge, serial_bayou_shore_a,
          infiniplex_staircase_pool
Shoals:1: layout_shoals
Shoals:2: layout_shoals
Shoals:3: nicolae_shoals_island_circles, layout_shoals, serial_shops, shop
Shoals:4: shoals_end_grunt_ice, layout_shoals, serial_shops,
          nicolae_shop_overgrown_old_shop,
          nicolae_shop_competitors_out_of_business, nicolae_shop_trees,
          nicolae_shop_behind_doors, shop, nicolae_shoals_circle_sea_wall,
          uniq_kirke
Snake:1:  layout_rooms, minmay_snake_pond, uniq_rupert
Snake:2:  nicolae_snake_hallway, layout_onion, uniq_aizul
Snake:3:  layout_onion, uniq_vashnia
Snake:4:  grunt_snake_rune_pools, layout_onion, grunt_ministairs_6,
          lemuel_oklob_altar, lemuel_fruit_tree
Orc:1:    layout_caves, basic_altar
Orc:2:    grunt_orc_gardens, layout_diamond_mine, grunt_orc_garden,
          grunt_orc_garden, grunt_orc_garden, grunt_orc_garden
Elf:1:    minmay_elf_arrival_plus, layout_geoelf_diagonals,
          minmay_elf_annihilation
Elf:2:    layout_onion_city, portal_desolation_entry_nicolae_slug
Elf:3:    elf_hall_gauntlet_narrow, layout_onion_city, serial_shops,
          nicolae_shop_window_shopping, uniq_asterion
Vaults:1: vaults_standard_mumra_x, ontoclasm_vaults_eye,
          grunt_vaults_hallway_long, vaults_dpeg_ring, layout_vaults_quadrants
Vaults:2: v_misc_4, nicolae_vaults_stairing_the_circle,
          vaults_dpeg_encased_lava, v_misc_10, v_alt_pattern_2,
          hangedman_vaults_stream, minmay_crypt_entry_necro_gods,
          hangedman_vaults_restitches, nicolae_vaults_asterisk, st_lattice,
          layout_vaults_ring, serial_shops, bzr_firewalk, uniq_margery,
          uniq_sojobo

Skill      XL: |  1  2  3  4  5  6  7  8  9 10 11 12 13 14 15 16 17 18 19 |
---------------+----------------------------------------------------------+-----
Fighting       | 4 5 6 7 8 9 10 12 13 14 15 16 17 18 | 18.3
Armour         | 4 5 6 7 8 9 10 11 12 14 15 16 17 | 17.5
Shields        | 4 5 6 7 9 11 12 14 16 17 19 21 22 23 25 | 25.3
Long Blades    | 3 4 5 6 8 10 11 12 14 15 16 17 18 19 | 19.7
Dodging        | 1 2 3 |  3.4
Stealth        | 1 2 |  2.3
Crossbows      | 2 |  2.9
Evocations     | 2 3 |  3.4
Invocations    | 1 2 |  2.7

Action                   |  1- 3 |  4- 6 |  7- 9 | 10-12 | 13-15 | 16-18 | 19-21 || total
-------------------------+-------+-------+-------+-------+-------+-------+-------++-------
Melee: Long sword        |    32 |   112 |   200 |       |       |   409 |       ||   753
       Headbutt          |     3 |    26 |    89 |   285 |   407 |   600 |   248 ||  1658
       Falchion          |       |       |    98 |   787 |   125 |       |       ||  1010
       Scimitar          |       |       |       |       |  1069 |   496 |       ||  1565
       Double sword      |       |       |       |       |       |   574 |   640 ||  1214
 Fire: Hand crossbow     |       |       |    22 |       |       |       |       ||    22
Invok: Heroism           |       |       |       |     4 |    16 |     9 |     6 ||    35
 Abil: Evoke Flight      |       |       |       |     2 |     1 |       |       ||     3
Evoke: Wand              |       |       |    19 |    16 |       |     4 |       ||    39
  Use: Potion            |     2 |       |     1 |     2 |     2 |     7 |    14 ||    28
       Scroll            |       |     3 |     4 |     7 |    14 |    15 |    10 ||    53
 Stab: Distracted        |       |       |       |       |       |       |     2 ||     2
Armor: Scale mail        |    12 |    27 |       |       |       |       |       ||    39
       Chain mail        |       |    38 |    27 |       |       |       |       ||    65
       Crystal plate arm |       |       |   185 |   491 |   625 |   151 |       ||  1452
       Plate armour      |       |       |       |       |       |   363 |   209 ||   572
Dodge: Dodged            |    11 |    40 |    68 |   148 |   228 |   231 |   141 ||   867
Block: Kite shield       |    16 |    57 |   258 |   519 |   442 |       |       ||  1292
       Tower shield      |       |       |       |       |   705 |  1723 |   748 ||  3176
       Rpst.: Long sword |     3 |     8 |     6 |       |       |    12 |       ||    29
       Falchion          |       |       |     4 |    45 |     2 |       |       ||    51
       Scimitar          |       |       |       |       |    60 |    15 |       ||    75
       Double sword      |       |       |       |       |       |    16 |    34 ||    50

Table legend: (Time is in decaauts)
 A = Elapsed time spent in this place.
 B = Non-inter-level travel time spent in this place.
 C = Inter-level travel time spent in this place.
 D = Time resting spent in this place.
 E = Time spent auto-exploring this place.
 F = Levels seen in this place.
 G = Mean time per level.
                   A        B        C        D        E       F      G
               +--------+--------+--------+--------+--------+-----+--------+
         Total |  45428 |  42252 |   3176 |   7386 |  23067 |  40 | 1135.7 |
       Dungeon |  14534 |  13106 |   1428 |    608 |   8914 |  15 |  968.9 |
        Temple |    289 |    289 |      0 |      0 |    229 |   1 |  289.0 |
          Lair |   8381 |   7380 |   1001 |    610 |   4200 |   6 | 1396.8 |
        Shoals |   6838 |   6549 |    289 |   1764 |   3606 |   4 | 1709.5 |
     Snake Pit |   6283 |   6029 |    254 |   2135 |   2552 |   4 | 1570.8 |
  Orcish Mines |   1975 |   1867 |    108 |    480 |    726 |   2 |  987.5 |
   Elven Halls |   2247 |   2234 |     13 |    187 |   1382 |   3 |  749.0 |
        Vaults |   1176 |   1097 |     79 |      0 |    832 |   2 |  588.0 |
        Bailey |    442 |    442 |      0 |     20 |     87 |   1 |  442.0 |
      Ice Cave |    597 |    597 |      0 |     76 |    230 |   1 |  597.0 |
    Desolation |   2662 |   2662 |      0 |   1504 |    306 |   1 | 2662.0 |
               +--------+--------+--------+--------+--------+-----+--------+

Top non-repeatable levels by time:
Desolation: 2662 daAuts
Shoals:3: 2649 daAuts
 Snake:2: 2183 daAuts
  Lair:2: 2002 daAuts
  Lair:1: 1996 daAuts
Shoals:4: 1819 daAuts
 Snake:3: 1760 daAuts
  Lair:6: 1740 daAuts
 Snake:4: 1707 daAuts
   Orc:2: 1478 daAuts
    D:11: 1473 daAuts
Shoals:1: 1409 daAuts
   Elf:1: 1268 daAuts
     D:2: 1266 daAuts
    D:12: 1223 daAuts
